 Dungeon Crawl Stone Soup version 0.23.2 (webtiles) character file.

Game seed: 5638105340372899977

354118 Gunterle the Fencer (level 22, -8/119 HPs)
             Began as a Vine Stalker Monk on Apr 6, 2019.
             Was the Champion of Wu Jian.
             Killed from afar by a fire dragon (25 damage)
             ... with a blast of flame
             ... on level 2 of the Vaults on Apr 7, 2019.
             The game lasted 06:43:44 (40172 turns).

Gunterle the Fencer (Vine Stalker Monk)            Turns: 40172, Time: 06:43:45

Health: -8/119     AC: 20    Str: 13    XL:     22   Next: 29%
Magic:  0/38       EV: 25    Int: 17    God:    Wu Jian [******]
Gold:   1890       SH: 12    Dex: 21    Spells: 22/44 levels left

rFire    . . .     SeeInvis +   M - +8 arc blade {discharge, rElec}
rCold    + . .     Gourm    .   g - +0 buckler
rNeg     + + +     Faith    .   w - +3 ring mail of Liberty {rCorr Str+2}
rPois    +         Spirit   +   u - +3 crown of Dyrovepreva {rElec Int+2 SInv}
rElec    +         Reflect  +   Q - +1 cloak of Nemelex Xobeh {+Blink}
rCorr    +         Harm     .   Z - +2 pair of gloves
MR       +++++                  J - +0 pair of boots of Urhausch {rN+ Stlth+}
Stlth    +++.......             I - +3 amulet of reflection
HPRegen  1.09/turn              R - ring "Puenegey" {*Contam +Blink +Fly rN++ EV+6}
MPRegen  0.26/turn              s - ring "Puttaica" {rPois rC+ MR+++ Str-4}

@: exhausted
A: fangs 3, regeneration 2, magic shield, antimagic bite, no potion heal 3, rot
immunity
}: 2/15 runes: decaying, serpentine
a: Wall Jump, Serpent's Lash, Heavenly Storm, Renounce Religion, Evoke Blink,
Evoke Flight


You were on level 2 of the Vaults.
You worshipped Wu Jian.
Wu Jian was exalted by your worship.
You were not hungry.

You visited 8 branches of the dungeon, and saw 39 of its levels.
You also visited: Gauntlet, Ice Cave, Volcano and Desolation.

You collected 4634 gold pieces.
You spent 2744 gold pieces at shops.

Inventory:

Hand Weapons
 t - the +7 captain's cutlass {speed, disarm}
   (You found it in the Desolation of Salt)

   Attacks with this weapon are significantly faster.
 M - the +8 arc blade (weapon) {discharge, rElec}
   (You took it off Nikola on level 2 of the Elven Halls)

   It insulates you from electricity.
 W - a +9 scimitar of flaming
Armour
 g - a +0 buckler (worn)
 l - the +2 shield of Resistance {rF+ rC+ MR+}
   (You found it in the Desolation of Salt)

   It protects you from fire.
   It protects you from cold.
   It affects your resistance to hostile enchantments.
 n - a +1 helmet
 u - the +3 crown of Dyrovepreva (worn) {rElec Int+2 SInv}
   (You bought it in a shop on level 1 of the Orcish Mines)

   It affects your intelligence (+2).
   It insulates you from electricity.
   It lets you see invisible.
 w - the +3 ring mail of Liberty (worn) {rCorr Str+2}
   (You found it on level 5 of the Lair of Beasts)

   It affects your strength (+2).
   It provides partial protection from all sources of acid and corrosion.
 J - the +0 pair of boots of Urhausch (worn) {rN+ Stlth+}
   (You bought it in a shop on level 2 of the Orcish Mines)

   It protects you from negative energy.
   It makes you more stealthy.
 Q - the +1 cloak of Nemelex Xobeh (worn) {+Blink}
   (You found it in a Gauntlet)

   It lets you blink.
 Z - a +2 pair of gloves (worn)
Jewellery
 s - the ring "Puttaica" (right hand) {rPois rC+ MR+++ Str-4}
   (You found it on level 15 of the Dungeon)

   [ring of protection from cold]

   It affects your strength (-4).
   It protects you from cold.
   It protects you from poison.
   It affects your resistance to hostile enchantments.
 I - a +3 amulet of reflection (around neck)
 R - the ring "Puenegey" (left hand) {*Contam +Blink +Fly rN++ EV+6}
   (You found it on level 15 of the Dungeon)

   [ring of evasion]

   It affects your evasion (+6).
   It greatly protects you from negative energy.
   It lets you fly.
   It lets you blink.
   It causes magical contamination when unequipped.
 T - a ring of the Octopus King {rCorr AC+1 EV+1 Str+1 Int+1 Dex+1}
   (You found it in a Gauntlet)

   [ring of resist corrosion]

   It affects your AC (+1).
   It affects your evasion (+1).
   It affects your strength (+1).
   It affects your intelligence (+1).
   It affects your dexterity (+1).
 X - an uncursed ring of fire
Wands
 d - a wand of flame (13)
 e - a wand of acid (6)
 i - a wand of iceblast (20)
 z - a wand of disintegration (12)
 C - a wand of paralysis (12)
 O - a wand of random effects (16)
 Y - a wand of enslavement (8)
Scrolls
 f - 15 scrolls of teleportation
 h - 4 scrolls of summoning
 m - 11 scrolls of fear
 p - 3 scrolls of blinking
 r - 5 scrolls of enchant armour
 y - a scroll of holy word
 B - a scroll of silence
 F - 10 scrolls of remove curse
 G - a scroll of amnesia
 N - 4 scrolls of fog
 P - a scroll of immolation
 U - 3 scrolls of magic mapping
Potions
 a - 3 potions of agility
 b - 3 potions of might
 j - 2 potions of invisibility
 k - 2 potions of heal wounds
 o - 18 potions of curing
 q - 9 potions of flight
 x - 9 potions of brilliance
 A - a potion of magic
 D - 5 potions of cancellation
 K - 5 potions of haste
 L - 2 potions of berserk rage
 V - 2 potions of ambrosia
Miscellaneous
 v - a phial of floods
 E - a crystal ball of energy
 H - a fan of gales
Comestibles
 c - 54 rations
 S - 3 chunks of flesh


   Skills:
 + Level 13.4 Fighting
 + Level 5.9(12.0) Short Blades
 - Level 15.8(16.2) Long Blades
   Level 0.7 Slings
 + Level 10.6 Armour
 + Level 11.0 Dodging
 - Level 2.4 Stealth
 * Level 14.5 Shields
 + Level 11.9 Spellcasting
 + Level 3.0 Hexes
 - Level 5.2 Charms
 + Level 9.6 Translocations
 - Level 3.0 Transmutations
 - Level 4.7 Air Magic
 - Level 7.5 Earth Magic
 + Level 11.5 Evocations


You had 22 spell levels left.
You knew the following spells:

 Your Spells              Type           Power        Failure   Level  Hunger
a - Sandblast             Erth           #####.       1%          1    None
b - Passwall              Tmut/Erth      ####....     2%          2    None
c - Apportation           Tloc           #####.       1%          1    None
d - Summon Butterflies    Summ           ##......     13%         1    None
e - Lesser Beckoning      Tloc           #####.....   1%          3    None
f - Song of Slaying       Chrm           ####....     2%          2    None
g - Passage of Golubria   Tloc           N/A          2%          4    ##.....
h - Swiftness             Chrm/Air       ####....     2%          2    None
i - Regeneration          Chrm/Necr      ###.......   13%         3    None
j - Tukima's Dance        Hex            ###.....     11%         3    None

Your spell library contained the following spells:

 Spells                   Type           Power        Failure   Level  Hunger
 Infusion                 Chrm           ####         1%          1    None
 Blink                    Tloc           N/A          1%          2    None
 Shroud of Golubria       Chrm/Tloc      #####.....   1%          2    None
 Gell's Gravitas          Tloc           #####.....   1%          3    None
 Teleport Other           Tloc           #####...     1%          3    None
 Portal Projectile        Hex/Tloc       ####..       2%          3    None
 Beastly Appendage        Tmut           ###...       3%          1    None
 Confusing Touch          Hex            ###...       3%          1    None
 Shock                    Conj/Air       ###.         4%          1    None
 Sticks to Snakes         Tmut           ###.....     5%          2    None
 Spectral Weapon          Hex/Chrm       ###.....     7%          3    None
 Stone Arrow              Conj/Erth      ###...       9%          3    None
 Confuse                  Hex            ###.....     11%         3    None
 Flame Tongue             Conj/Fire      ##...        13%         1    None
 Freeze                   Ice            ##..         13%         1    None
 Magic Dart               Conj           ##..         13%         1    None
 Ozocubu's Armour         Chrm/Ice       ###.....     13%         3    None
 Static Discharge         Conj/Air       ###.....     14%         3    None
 Petrify                  Tmut/Erth      ####....     14%         4    ##.....
 Lee's Rapid Deconstruct  Erth           #####.....   16%         5    ####...
 Force Lance              Conj/Tloc      ####....     17%         4    ##.....
 Searing Ray              Conj           ##....       19%         2    None
 Throw Flame              Conj/Fire      ##....       19%         2    None
 Throw Frost              Conj/Ice       ##....       19%         2    None
 Airstrike                Air            ####......   19%         4    ##.....
 Inner Flame              Hex/Fire       ###.....     21%         3    None
 Spider Form              Tmut/Pois      ###.......   21%         3    None
 Cause Fear               Hex            ###.......   34%         4    ##.....
 Call Canine Familiar     Summ           ##......     36%         3    None
 Conjure Flame            Conj/Fire      ##......     36%         3    None
 Fulminant Prism          Conj/Hex       ###.......   54%         4    ##.....
 Ice Form                 Ice/Tmut       ###.....     56%         4    ##.....
 Blade Hands              Tmut           ###.......   69%         5    ####...
 Yara's Violent Unravell  Hex/Tmut       ###.......   69%         5    ####...
 Sticky Flame             Conj/Fire      ##......     77%         4    ##.....
 Summon Ice Beast         Ice/Summ       ##......     77%         4    ##.....
 Throw Icicle             Conj/Ice       ##......     77%         4    ##.....
 Lightning Bolt           Conj/Air       ###.......   78%         5    ####...
 Alistair's Intoxication  Tmut/Pois      ###.....     88%         5    ####...
 Metabolic Englaciation   Hex/Ice        ###.......   88%         5    ####...
 Summon Mana Viper        Hex/Summ       ###.....     88%         5    ####...
 Deflect Missiles         Chrm/Air       ####......   94%         6    ######.
 Fireball                 Conj/Fire      ##........   98%         5    ####...
 Invisibility             Hex            ###.....     99%         6    ######.
 Bolt of Fire             Conj/Fire      ##........   100%        6    ######.
 Summon Hydra             Summ           ##........   100%        7    #######
 Ignition                 Fire           ##........   100%        8    #######
 Shatter                  Erth           #####.....   100%        9    #######
 Tornado                  Air            ####......   100%        9    #######


Dungeon Overview and Level Annotations

Branches:
Dungeon (15/15)            Temple (1/1) D:4            Lair (6/6) D:11
  Swamp (4/4) Lair:3        Snake (4/4) Lair:3        Slime (0/5) Lair:5
    Orc (2/2) D:12            Elf (3/3) Orc:2        Vaults (4/5) D:13
  Crypt (0/3) Vaults:2     Depths (0/5) D:15

Altars:
Ashenzari
Cheibriados
Dithmenos
Elyvilon
Fedhas
Gozag
Hepliaklqana
Kikubaaqudgha
Makhleb
Nemelex Xobeh
Okawaru
Qazlal
Ru
Sif Muna
Trog
Uskayaw
Vehumet
Wu Jian
Xom
Yredelemnul
Zin
The Shining One
Beogh

Shops:
D:4 [   D:7 *   Orc:1 [%!   Orc:2 (*=[   Elf:2 :   Elf:3 [   Snake:2 ?(!(!?=
Vaults:4 (

Annotations:
D:6 2 transporters
Swamp:3 1 runed translucent door, Descartes's ghost, journeyman FoFi
Snake:3 3 runed translucent doors, Gygal Fez's ghost, adept MiFi
Elf:2 exclusion: 5 doors
Elf:3 1 exclusion


Innate Abilities, Weirdness & Mutations

You have razor-sharp teeth.
You heal very quickly.
When hurt, damage is shared between your health and your magic reserves.
Your bite disrupts and absorbs the magic of your enemies.
Potions cannot restore your health.
You are immune to rotting.


Message History

You hit the fire dragon but do no damage.
The fire dragon is almost dead.
The fire dragon barely misses you.
The fire dragon claws you but does no damage.
You block the fire dragon's attack.
You spin and attack the fire dragon repeatedly.
You hit the fire dragon.
You bite the fire dragon, but do no damage.
The fire dragon is almost dead.
You hit the fire dragon.
The fire dragon is almost dead.
The ice dragon enters a dispersal trap!
The fire dragon blinks!
The death knight blinks!
You blink.
The ice dragon blinks!
Unknown command.
The ice dragon breathes frost at you. The blast of cold hits you!! You resist.
* * * LOW HITPOINT WARNING * * *
The fire dragon breathes flames at you. The blast of flame hits you!!
You die...

####+#### #.......#
#....##.# * #..†.##.# **
#.†##...# ,** #.)##...# ,,**
#.)))...# ,,,****
**########)......#
*,,,+,*###*,#..§@...########
,,,**,,.'...#p.^.D).#
,,***,,,#...'...##..# ,**
*,..'§..#...##..# **
*,#####.#.##....# * ***
#*#D##....# #.......#
#########


You could see a fire dragon, an ice dragon and a death knight.

Vanquished Creatures
  Saint Roka (Orc:2)
  Nikola (Elf:2)
  A lich (Vaults:1)
  A tentacled monstrosity (Swamp:4)
  Jorgrun (D:13)
  A deep elf blademaster (Elf:2)
  2 thorn hunters
  2 tengu reavers
  Agnes (Snake:2)
  Gastronok (D:8)
  Donald (Swamp:3)
  Kirke (D:15)
  10 nagarajas (Snake:4)
  A frost giant (IceCv)
  3 imperial myrmidons (Desolation)
  5 vault wardens
  2 deep elf sorcerers
  Louise (Snake:2)
  An orc warlord (Orc:2)
  Aizul (Snake:2)
  3 very ugly things (Vaults:2)
  4 ironheart preservers
  A vampire knight (Vaults:2)
  A stone giant (Vaults:2)
  2 deep elf demonologists (Elf:3)
  A minotaur (Gauntlet)
  2 entropy weavers
  2 halazid warlocks (Desolation)
  3 crystal guardians (Desolation)
  Snorg (Lair:3)
  4 fire dragons
  2 deep elf death magi
  2 ettins
  A blizzard demon (Gauntlet)
  7 yaktaur captains
  7 ragged hierophants (Desolation)
  3 great orbs of eyes
  Harold (D:8)
  5 servants of whispers (Desolation)
  18 hydras
  7 vault guards
  A rakshasa (D:15)
  7 peacekeepers (Desolation)
  14 naga warriors
  2 catoblepae
  16 anacondas
  3 ogre magi
  8 centaur warriors
  24 dancing weapons
  3 ghost crabs
  A death knight (D:15)
  15 two-headed ogres
  Erica (D:9)
  13 alligators
  3 tengu warriors
  2 orc high priests
  A queen ant (Lair:5)
  A hell hog (Volcano)
  14 naga sharpshooters
  12 shock serpents
  Sonja (Lair:1)
  A storm dragon zombie (Vaults:2)
  15 deep elf knights
  5 skeletal warriors (Vaults:2)
  A death drake (shapeshifter) (Elf:1)
  2 shadow wraiths
  5 salamander mystics
  A fire crab (Swamp:4)
  2 spriggan druids
  7 swamp dragons
  7 unseen horrors
  A glowing orange brain (Vaults:2)
  11 ironbrand convokers
  6 lindwurms
  4 wizards
  5 necromancers
  10 naga ritualists
  A harpy (shapeshifter) (Vaults:1)
  A phantasmal warrior (D:15)
  20 deep elf archers
  14 orc knights
  A wolf spider zombie (D:15)
  5 harpies (Vaults:2)
  4 wolf spiders
  Pikel (D:8)
  18 ugly things
  5 orc sorcerers
  5 mana vipers
  6 cyclopes
  52 deep elf magi
  15 salamanders
  A sphinx skeleton (Vaults:2)
  A frost giant zombie (Vaults:2)
  4 manticores
  17 elephants
  Joseph (D:9)
  An eye of devastation (shapeshifter) (Vaults:1)
  5 vault sentinels
  A black mamba (shapeshifter) (Elf:3)
  15 naga magi
  An ice statue (IceCv)
  Maurice (D:8)
  2 orange demons (Elf:3)
  22 guardian serpents
  31 black mambas
  A gargoyle (D:11)
  5 molten gargoyles
  20 spiny frogs
  14 komodo dragons
  A human zombie (Vaults:2)
  2 tengu conjurers
  12 yaktaurs
  3 freezing wraiths
  A human skeleton (Vaults:2)
  A merfolk (D:12)
  10 trolls
  An ice devil (Gauntlet)
  14 polar bears (IceCv)
  A troll (shapeshifter) (D:15)
  12 hornets
  8 tyrant leeches
  72 saltlings (Desolation)
  21 slime creatures
  10 blink frogs
  A wolf spider simulacrum (D:15)
  11 bog bodies
  5 hippogriffs
  2 hippogriffs (shapeshifter)
  A shadow (Swamp:2)
  7 spriggans
  Sigmund (D:4)
  An ettin skeleton (Vaults:2)
  3 air elementals
  2 centaur simulacra (D:15)
  A spriggan (shapeshifter) (Vaults:1)
  A water elemental (Elf:2)
  3 wraiths
  6 wyverns
  41 yaks
  A basilisk (shapeshifter) (Vaults:2)
  2 fire elementals
  2 hogs (D:15)
  5 steam dragons
  3 fire bats (Swamp:4)
  4 hungry ghosts
  4 basilisks
  A yaktaur simulacrum (Vaults:2)
  12 vampire mosquitoes
  4 wargs
  4 insubstantial wisps (Swamp:2)
  15 soldier ants
  A soldier ant (shapeshifter) (Vaults:1)
  2 acid dragons (Vaults:2)
  56 nagas
  13 swamp worms
  A floating eye (D:15)
  21 water moccasins
  6 hell hounds
  A deep troll skeleton (Vaults:2)
  11 porcupines
  11 swamp drakes
  A slave (D:8)
  38 orc warriors
  4 sky beasts
  3 ice beasts
  6 phantoms
  17 wolves
  2 necrophages
  18 ogres
  2 boggarts
  11 centaurs
  7 crocodiles
  Blork the orc (D:4)
  22 bullfrogs
  3 earth elementals
  A wyvern zombie (D:15)
  7 scorpions
  13 killer bees
  A troll zombie (Swamp:3)
  12 wights
  2 troll skeletons (Swamp:3)
  5 howler monkeys
  5 lava snakes (Lair:6)
  A bullfrog zombie (D:13)
  10 crimson imps
  A quasit (D:11)
  10 hounds
  6 centaur zombies
  4 jellies
  9 centaur skeletons
  9 orc priests
  Crazy Yiuf (D:3)
  20 orc wizards
  A bullfrog skeleton (D:12)
  An iguana (D:14)
  12 hell rats (Lair:5)
  29 worker ants
  A hound skeleton (D:6)
  Robin (D:4)
  4 gnolls (D:8)
  4 river rats (Lair:5)
  17 adders
  9 shadow imps
  15 white imps
  3 oozes
  An adder zombie (D:6)
  3 worms
  A dart slug (D:5)
  6 leopard geckos
  73 orcs
  5 ball pythons
  6 giant cockroaches
  16 hobgoblins
  14 jackals
  8 kobolds
  5 quokkas
  8 bats
  5 frilled lizards
  A giant cockroach zombie (D:4)
  18 goblins
  3 quokka skeletons
  A quokka zombie (D:5)
  9 rats
  A plant (D:7)
1599 creatures vanquished.

Vanquished Creatures (collateral kills)
  A hydra (Swamp:3)
  An ironbrand convoker (Vaults:1)
  A deep elf mage (Vaults:1)
  A warg (Orc:2)
  A floating eye (D:15)
5 creatures vanquished.

Vanquished Creatures (others)
  A nagaraja (Snake:3)
  A hydra (Swamp:4)
  An alligator (Swamp:4)
  A naga sharpshooter (Snake:1)
  A deep elf knight (Elf:2)
  A deep elf archer (Elf:2)
  A deep elf mage (D:14)
  A guardian serpent (Desolation)
  2 humans (D:15)
  5 swamp drakes (Swamp:4)
  An orc warrior (Elf:1)
  A bush (Lair:6)
  21 fungi
  41 plants
79 creatures vanquished.

Grand Total: 1683 creatures vanquished

Notes
Turn   | Place    | Note
-------+----------+-------------------------------------------
     0 | D:1      | Gunterle the Vine Stalker Monk began the quest for the Orb.
     0 | D:1      | Reached XP level 1. HP: 11/11 MP: 2/2
   138 | D:1      | Reached skill level 3 in Long Blades
   138 | D:1      | Reached XP level 2. HP: 14/16 MP: 1/3
   784 | D:1      | Reached XP level 3. HP: 20/20 MP: 4/4
  1416 | D:2      | Gained mutation: Your natural rate of healing is unusually
                  | fast. [Vine Stalker growth]
  1416 | D:2      | Reached XP level 4. HP: 24/24 MP: 5/5
  1688 | D:3      | Reached skill level 4 in Long Blades
  2170 | D:3      | Reached XP level 5. HP: 25/28 MP: 3/6
  2524 | D:3      | Found a runed translucent door.
  2525 | D:3      | Noticed Crazy Yiuf
  2613 | D:4      | Noticed a phantom
  2643 | D:4      | Got a warped trident
  2671 | D:4      | Noticed a phantom
  2737 | D:4      | Found a staircase to the Ecumenical Temple.
  2747 | D:4      | Reached skill level 5 in Long Blades
  2749 | Temple   | Entered the Ecumenical Temple
  3120 | D:4      | Reached XP level 6. HP: 23/33 MP: 5/7
  3219 | D:4      | Noticed Sigmund
  3340 | D:4      | Found Qarchac's Antique Armour Boutique.
  3557 | D:4      | Killed a phantom
  3825 | D:4      | Killed a phantom
  3825 | D:4      | Reached skill level 6 in Long Blades
  3825 | D:4      | Reached XP level 7. HP: 38/38 MP: 8/8
  3901 | D:4      | Noticed Robin
  3926 | D:4      | Killed Robin
  4047 | D:4      | Noticed Blork the orc
  4073 | D:4      | Killed Blork the orc
  4207 | D:5      | Entered Level 5 of the Dungeon
  4331 | D:4      | Reached skill level 5 in Fighting
  4533 | D:4      | Reached skill level 7 in Long Blades
  4681 | D:5      | Gained mutation: You have razor-sharp teeth. [Vine Stalker
                  | growth]
  4681 | D:5      | Reached XP level 8. HP: 32/43 MP: 7/9
  5017 | D:5      | Found an ancient bone altar of Kikubaaqudgha.
  5018 | D:5      | Found a blossoming altar of Fedhas.
  5138 | D:6      | Noticed a yak
  5139 | D:6      | Noticed a yak
  5140 | D:6      | Noticed a yak
  5180 | D:5      | Reached skill level 8 in Long Blades
  5200 | D:6      | Found a transporter.
  5336 | D:6      | Found a shadowy altar of Dithmenos.
  5359 | D:6      | Found a transporter.
  5494 | D:6      | Noticed a yak
  5532 | D:5      | Killed a yak
  5532 | D:5      | Reached XP level 9. HP: 44/49 MP: 10/10
  5830 | D:5      | Reached skill level 9 in Long Blades
  5872 | D:4      | Bought a slimy helmet for 275 gold pieces
  5872 | D:4      | Identified the +0 helmet "Bixodef" {+Blink rPois MR- rCorr}
                  | (You bought it in a shop on level 4 of the Dungeon)
  6570 | D:7      | Found Vinnarph's General Store.
  6575 | D:7      | Reached skill level 10 in Long Blades
  6577 | D:7      | Bought a scroll of identify for 30 gold pieces
  6577 | D:7      | Bought a scroll of identify for 30 gold pieces
  6577 | D:7      | Bought a scroll of fog for 30 gold pieces
  6929 | D:6      | Identified the cursed +3 trident of Greed {venom, MP+9}
                  | (You found it on level 4 of the Dungeon)
  6952 | D:8      | Noticed Pikel
  6966 | D:8      | Killed Pikel
  6966 | D:8      | Reached skill level 1 in Shields
  6966 | D:8      | Reached skill level 1 in Evocations
  6966 | D:8      | Reached XP level 10. HP: 52/56 MP: 11/11
  6980 | D:8      | Reached skill level 1 in Armour
  6991 | D:8      | Found a stormy altar of Qazlal.
  7004 | D:8      | Found an ornate altar of the Wu Jian Council.
  7008 | D:8      | Became a worshipper of the Wu Jian Council
  7008 | D:8      | Reached * piety under Wu Jian
  7008 | D:8      | Reached ** piety under Wu Jian
  7015 | D:8      | Found a sacrificial altar of Ru.
  7028 | D:8      | Found a basalt altar of Yredelemnul.
  7033 | D:8      | Found a radiant altar of Vehumet.
  7039 | D:8      | Found a sparkling altar of Nemelex Xobeh.
  7044 | D:8      | Found a shimmering altar of Xom.
  7076 | D:8      | Noticed Harold
  7082 | D:8      | Noticed Gastronok
  7116 | D:8      | Killed Gastronok
  7116 | D:8      | Reached skill level 11 in Long Blades
  7449 | D:7      | Noticed an unseen horror
  7458 | D:7      | Killed an unseen horror
  7747 | D:8      | Noticed Maurice
  7755 | D:8      | Killed Maurice
  7903 | D:8      | Killed Harold
  7903 | D:8      | Reached XP level 11. HP: 41/60 MP: 9/14
  8677 | D:9      | Found a hazy altar of Hepliaklqana.
  8984 | D:9      | Noticed Erica
  8995 | D:9      | Killed Erica
  8998 | D:9      | Noticed Joseph
  9118 | D:9      | Killed Joseph
  9167 | D:9      | Reached *** piety under Wu Jian
  9544 | D:4      | Killed Sigmund
  9597 | D:3      | Killed Crazy Yiuf
  9750 | D:10     | Entered Level 10 of the Dungeon
  9898 | D:10     | Noticed an unseen horror
  9902 | D:10     | Killed an unseen horror
 10187 | D:10     | Learned a level 1 spell: Sandblast
 10579 | D:11     | Found a staircase to the Lair.
 10814 | D:11     | Reached skill level 1 in Spellcasting
 10855 | D:11     | Reached skill level 12 in Long Blades
 10855 | D:11     | Reached skill level 1 in Earth Magic
 11151 | Lair:1   | Entered Level 1 of the Lair of Beasts
 11158 | Lair:1   | Found a dark tunnel.
 11163 | Lair:1   | Noticed Sonja
 11167 | Volcano  | Entered a volcano
 11235 | Volcano  | Noticed a two-headed ogre
 11235 | Volcano  | Noticed a two-headed ogre
 11251 | Volcano  | Killed a two-headed ogre
 11251 | Volcano  | Gained mutation: You heal very quickly. [Vine Stalker
                  | growth]
 11251 | Volcano  | Reached XP level 12. HP: 26/65 MP: 13/16
 11261 | Volcano  | Reached **** piety under Wu Jian
 11267 | Volcano  | Killed a two-headed ogre
 11403 | Volcano  | Noticed a two-headed ogre
 11403 | Volcano  | Noticed a two-headed ogre
 11404 | Volcano  | Noticed a hell hog
 11409 | Volcano  | Killed a hell hog
 11413 | Volcano  | Killed a two-headed ogre
 11413 | Volcano  | Reached skill level 5 in Dodging
 11416 | Volcano  | Killed a two-headed ogre
 11472 | Volcano  | Learned a level 2 spell: Passwall
 11496 | Lair:1   | Killed Sonja
 11518 | Lair:1   | Found a frozen archway.
 11545 | IceCv    | Entered an ice cave
 11589 | IceCv    | Reached ***** piety under Wu Jian
 11603 | IceCv    | Reached skill level 5 in Evocations
 12005 | IceCv    | Noticed a frost giant
 12034 | IceCv    | Killed a frost giant
 12034 | IceCv    | Reached XP level 13. HP: 41/70 MP: 12/19
 12085 | IceCv    | Reached skill level 5 in Armour
 12947 | Lair:2   | Reached skill level 13 in Long Blades
 13103 | Lair:2   | Reached skill level 5 in Shields
 13848 | Lair:3   | Found a staircase to the Swamp.
 14071 | Lair:3   | Found a staircase to the Snake Pit.
 14097 | Lair:3   | Noticed Snorg
 14128 | Lair:3   | Got a sparkling zirconium amulet
 14521 | Lair:4   | Identified the amulet of Zuoreth {Harm *Drain rF- rN++
                  | MR++} (You found it on level 3 of the Lair of Beasts)
 14551 | Lair:4   | Reached skill level 5 in Earth Magic
 14578 | Lair:4   | Reached skill level 5 in Spellcasting
 14747 | Lair:4   | Reached ****** piety under Wu Jian
 14754 | Lair:4   | Reached XP level 14. HP: 76/76 MP: 22/22
 15686 | Lair:5   | Got a diamond-encrusted ring mail
 15705 | Lair:5   | Reached skill level 10 in Fighting
 15935 | Lair:5   | Found a staircase to the Slime Pits.
 16550 | Lair:6   | Entered Level 6 of the Lair of Beasts
 16669 | Lair:6   | Identified the +3 ring mail of Liberty {rCorr Str+2} (You
                  | found it on level 5 of the Lair of Beasts)
 16923 | Lair:6   | Noticed an entropy weaver
 17007 | Lair:5   | Killed an entropy weaver
 17522 | Lair:6   | Found a large runed translucent door.
 17530 | Lair:6   | Found a large runed translucent door.
 17689 | Lair:6   | Reached skill level 14 in Long Blades
 17854 | Lair:6   | Reached XP level 15. HP: 81/81 MP: 25/25
 18281 | Lair:3   | Killed Snorg
 18432 | D:12     | Found a staircase to the Orcish Mines.
 18605 | D:12     | Found a runed translucent door.
 19307 | D:12     | Learned a level 1 spell: Apportation
 19309 | D:12     | Learned a level 1 spell: Summon Butterflies
 19313 | D:12     | Learned a level 3 spell: Lesser Beckoning
 19380 | D:13     | Noticed Jorgrun
 19401 | D:13     | Killed Jorgrun
 19792 | D:13     | Found a gate to the Vaults.
 20133 | D:14     | Found a gate leading to a gauntlet.
 20154 | Gauntlet | Entered a Gauntlet
 20154 | Gauntlet | Found a transporter.
 20157 | Gauntlet | Found a transporter.
 20158 | Gauntlet | Found a transporter.
 20162 | Gauntlet | Found a transporter.
 20171 | Gauntlet | Found a transporter.
 20171 | Gauntlet | Found a transporter.
 20173 | Gauntlet | Found a transporter.
 20176 | Gauntlet | Found a transporter.
 20239 | Gauntlet | Found a transporter.
 20241 | Gauntlet | Found a transporter.
 20242 | Gauntlet | Found the ring of the Octopus King
 20244 | Gauntlet | Found a transporter.
 20260 | Gauntlet | Found a transporter.
 20358 | Gauntlet | Got a ring of the Octopus King
 20360 | Gauntlet | Identified a ring of the Octopus King {rCorr AC+1 EV+1
                  | Str+1 Int+1 Dex+1} (You found it in a Gauntlet)
 20413 | Gauntlet | Got a translucent scale mail
 20420 | Gauntlet | Got a crude cloak
 20431 | Gauntlet | Identified the +1 cloak of Nemelex Xobeh {+Blink} (You
                  | found it in a Gauntlet)
 20528 | Gauntlet | Identified Hifiet's Grimoire of Ensnaring Lightness
 20528 | Gauntlet | Identified the Incunabulum of Destructive Ignition
 21187 | D:15     | Entered Level 15 of the Dungeon
 21220 | D:15     | Reached XP level 16. HP: 86/86 MP: 27/27
 21260 | D:15     | Noticed Kirke
 21278 | D:15     | Killed Kirke
 21315 | D:15     | Got a steaming copper ring
 21319 | D:15     | Paralysed by a floating eye for 3 turns
 21438 | D:15     | Paralysed by a great orb of eyes for 5 turns
 21476 | D:15     | Reached skill level 1 in Translocations
 21487 | D:15     | Got a bound tin ring
 21530 | D:15     | Found a staircase to the Depths.
 21652 | D:15     | Got a steaming steel ring
 21734 | D:15     | Found an ancient bone altar of Kikubaaqudgha.
 21796 | D:15     | Noticed a tengu reaver
 21804 | D:15     | Killed a tengu reaver
 21821 | D:15     | Learned a level 2 spell: Song of Slaying
 21853 | D:15     | Found a radiant altar of Vehumet.
 21887 | D:15     | Reached skill level 15 in Long Blades
 22041 | D:15     | Found a glowing golden altar of the Shining One.
 22078 | D:15     | Reached skill level 10 in Shields
 22274 | Orc:1    | Entered Level 1 of the Orcish Mines
 22376 | Orc:2    | Entered Level 2 of the Orcish Mines
 22378 | Orc:2    | Found Estim's General Store.
 22385 | Orc:2    | Paralysed by an orc sorcerer for 3 turns
 22442 | Orc:2    | Noticed Saint Roka
 22704 | Orc:2    | Reached XP level 17. HP: 67/91 MP: 25/30
 22786 | Orc:2    | Killed Saint Roka
 22788 | Orc:2    | Found Ryesedgh's Antique Weapon Emporium.
 22984 | Orc:2    | Bought a scroll of identify for 28 gold pieces
 22984 | Orc:2    | Identified the ring "Puttaica" {rPois rC+ MR+++ Str-4} (You
                  | found it on level 15 of the Dungeon)
 23108 | Orc:2    | Found Veown's Jewellery Shoppe.
 23213 | Orc:2    | Found Kiash's Antique Armour Shoppe.
 23237 | Orc:2    | Bought a pair of crude boots for 180 gold pieces
 23247 | Orc:2    | Identified the +0 pair of boots of Urhausch {rN+ Stlth+}
                  | (You bought it in a shop on level 2 of the Orcish Mines)
 23426 | Orc:2    | Found a staircase to the Elven Halls.
 23454 | Orc:2    | Found a roughly hewn altar of Beogh.
 23574 | Orc:1    | Found Bahoaly's Food Emporium.
 23707 | Orc:1    | Found Aseroff's Antique Armour Boutique.
 23745 | Orc:1    | Found Rinim Dih's Distillery.
 23780 | Orc:1    | Bought a potion of haste for 130 gold pieces
 23780 | Orc:1    | Bought a potion of cancellation for 104 gold pieces
 23780 | Orc:1    | Bought a potion of invisibility for 104 gold pieces
 23817 | Orc:1    | Bought the +3 crown of Dyrovepreva {rElec Int+2 SInv} for
                  | 1366 gold pieces
 23817 | Orc:1    | Found the +3 crown of Dyrovepreva {rElec Int+2 SInv}
 23863 | Elf:1    | Entered Level 1 of the Elven Halls
 24385 | Elf:1    | Identified the ring "Puenegey" {*Contam +Blink +Fly rN++
                  | EV+6} (You found it on level 15 of the Dungeon)
 24860 | Elf:2    | Reached skill level 5 in Translocations
 24904 | Elf:2    | Identified the ring "Vuff" {rCorr +Fly} (You found it on
                  | level 15 of the Dungeon)
 25340 | Elf:2    | Found Tidwuom's Book Shop.
 25433 | Elf:2    | Noticed Nikola
 25450 | Elf:2    | Killed Nikola
 25466 | Elf:2    | Found a huge runed translucent gate.
 25466 | Elf:2    | Found a huge runed translucent gate.
 25466 | Elf:2    | Found a huge runed translucent gate.
 25466 | Elf:2    | Found a huge runed translucent gate.
 25466 | Elf:2    | Found a huge runed translucent gate.
 25746 | Elf:2    | Noticed a deep elf blademaster
 25762 | Elf:2    | Killed a deep elf blademaster
 25762 | Elf:2    | Reached XP level 18. HP: 97/97 MP: 32/32
 26318 | Elf:3    | Entered Level 3 of the Elven Halls
 26891 | Elf:3    | Found Nuruiw's Antique Armour Emporium.
 27130 | Elf:3    | Noticed a Brimstone Fiend
 27141 | Elf:3    | Noticed a Brimstone Fiend
 27511 | Swamp:1  | Entered Level 1 of the Swamp
 28016 | Swamp:1  | Reached skill level 1 in Charms
 29374 | Swamp:3  | Reached XP level 19. HP: 86/102 MP: 33/33
 29743 | Swamp:3  | Found a runed translucent door.
 29743 | Swamp:3  | Found a shimmering altar of Xom.
 29743 | Swamp:3  | Noticed Descartes's ghost (journeyman FoFi)
 30126 | Swamp:4  | Entered Level 4 of the Swamp
 30175 | Swamp:4  | Noticed a tentacled monstrosity
 30253 | Swamp:4  | Killed a tentacled monstrosity
 30516 | Swamp:4  | Noticed Donald
 30580 | Swamp:3  | Killed Donald
 30580 | Swamp:3  | Reached skill level 10 in Evocations
 30734 | Swamp:4  | Reached skill level 10 in Spellcasting
 31089 | Swamp:4  | Got a decaying rune of Zot
 31146 | Swamp:4  | Reached skill level 5 in Charms
 31288 | Snake:1  | Entered Level 1 of the Snake Pit
 31443 | Snake:1  | Learned a level 4 spell: Passage of Golubria
 31446 | Snake:1  | Learned a level 2 spell: Swiftness
 31450 | Snake:1  | Learned a level 3 spell: Regeneration
 31756 | Snake:1  | Reached skill level 1 in Air Magic
 32036 | Snake:1  | Reached skill level 1 in Short Blades
 32291 | Snake:2  | Found Naoqow's Distillery.
 32297 | Snake:2  | Bought a potion of cancellation for 128 gold pieces
 32297 | Snake:2  | Found Raiv's Antique Weapon Boutique.
 32325 | Snake:2  | Noticed Agnes
 32374 | Snake:2  | Killed Agnes
 32395 | Snake:2  | Found Syibastiado's Weapon Shoppe.
 32396 | Snake:2  | Noticed Louise
 32410 | Snake:2  | Found Jeivathro's Magic Scroll Shop.
 32550 | Snake:2  | Killed Louise
 32589 | Snake:2  | Bought a scroll of magic mapping for 63 gold pieces
 32641 | Snake:2  | Found Ufug's Magic Scroll Emporium.
 32650 | Snake:2  | Bought a scroll of enchant weapon for 112 gold pieces
 32650 | Snake:2  | Bought a scroll of holy word for 112 gold pieces
 32650 | Snake:2  | Bought a scroll of magic mapping for 52 gold pieces
 32729 | Snake:2  | Found Piono's Distillery.
 32756 | Snake:2  | Found Ykhlimyth's Jewellery Shop.
 32801 | Snake:2  | Noticed Aizul
 32822 | Snake:2  | Killed Aizul
 32878 | Snake:2  | Reached skill level 10 in Dodging
 33272 | Snake:3  | Found a runed translucent gate.
 33274 | Snake:3  | Found a runed translucent gate.
 33274 | Snake:3  | Found a runed translucent gate.
 33275 | Snake:3  | Noticed Gygal Fez's ghost (adept MiFi)
 33360 | Snake:3  | Reached XP level 20. HP: 95/107 MP: 33/35
 34300 | Snake:4  | Entered Level 4 of the Snake Pit
 35583 | Snake:4  | Got a serpentine rune of Zot
 36063 | Snake:4  | Learned a level 3 spell: Tukima's Dance
 36637 | Vaults:1 | Entered Level 1 of the Vaults
 36664 | Vaults:1 | Reached skill level 10 in Armour
 36830 | Vaults:1 | Reached XP level 21. HP: 112/112 MP: 37/37
 36921 | Vaults:1 | Reached skill level 1 in Transmutations
 37041 | Vaults:1 | Got a brightly glowing helmet
 37042 | Vaults:1 | Identified the +1 helmet "Iqycrah" {rC+ rN+ MR+} (You found
                  | it on level 1 of the Vaults)
 38143 | Vaults:2 | Identified the cursed +0 leather armour of the Game of
                  | Kings {-Tele rElec rC++ SInv} (You found it on level 2 of
                  | the Vaults)
 38154 | Vaults:2 | Found a ruined gateway.
 38190 | Desolati | Entered the Desolation of Salt
 38330 | Desolati | Found the +2 shield of Resistance {rF+ rC+ MR+}
 38341 | Desolati | Identified the Almanac of Aid
 38458 | Desolati | Reached skill level 5 in Short Blades
 38631 | Desolati | Reached skill level 1 in Hexes
 38821 | Desolati | Found the +7 captain's cutlass {speed, disarm}
 39016 | Desolati | Identified Totawn's Grimoire of Transmigration and
                  | Malediction
 39056 | Desolati | Identified the +0 helmet of Indecent Exposure {*Corrode
                  | +Fly MP+9 Stlth+} (You found it in the Desolation of Salt)
 39251 | Desolati | Identified the ring "Soesyary" {EV+2 Stlth+} (You found it
                  | in the Desolation of Salt)
 39615 | Vaults:2 | Reached XP level 22. HP: 118/118 MP: 38/38
 39669 | Vaults:2 | You fall through a shaft for 2 floors!
 39768 | Vaults:4 | Found Cost's Weapon Shop.
 39953 | Vaults:2 | Found a staircase to the Crypt.
 40172 | Vaults:2 | Killed from afar by a fire dragon

Skill      XL: |  1  2  3  4  5  6  7  8  9 10 11 12 13 14 15 16 17 18 19 20 21 22 |
---------------+-------------------------------------------------------------------+-----
Long Blades    | 3 4 5 6 7 8 10 11 12 13 14 15 | 15.8
Fighting       | 3 4 5 6 7 8 9 10 11 12 13 | 13.4
Shields        | 1 3 4 6 7 9 10 11 12 13 14 | 14.5
Evocations     | 1 3 4 5 6 7 8 9 10 11 | 11.5
Armour         | 3 4 5 6 7 8 9 10 | 10.6
Dodging        | 3 4 5 6 7 8 9 10 11 | 11.0
Spellcasting   | 1 3 5 6 7 8 9 10 11 | 11.9
Earth Magic    | 1 3 5 6 7 |  7.5
Translocations | 3 6 7 8 9 |  9.6
Charms         | 3 5 |  5.2
Air Magic      | 3 4 |  4.7
Short Blades   | 2 4 5 |  5.9
Transmutations | 3 |  3.0
Hexes          | 2 3 |  3.0
Slings         | |  0.7
Stealth        | |  2.4

Action                   |  1- 3 |  4- 6 |  7- 9 | 10-12 | 13-15 | 16-18 | 19-21 | 22-24 || total
-------------------------+-------+-------+-------+-------+-------+-------+-------+-------++-------
Melee: Falchion          |    83 |   276 |   422 |       |    18 |       |       |       ||   799
       Bite              |    27 |    93 |   198 |   177 |   471 |   596 |   810 |    72 ||  2444
       Scimitar          |       |       |    38 |   491 |  1303 |  1232 |   259 |    20 ||  3343
       Unarmed           |       |       |       |     1 |       |       |       |       ||     1
       Rapier            |       |       |       |       |       |   372 |  2023 |   183 ||  2578
       Cutlass           |       |       |       |       |       |       |    40 |       ||    40
 Fire: Blowgun           |       |    12 |       |       |       |       |       |       ||    12
       Fustibalus        |       |       |       |    41 |       |       |       |       ||    41
       Hunting sling     |       |       |       |     3 |       |       |       |       ||     3
Throw: Throwing net      |     1 |     1 |       |     1 |       |       |       |       ||     3
       Stone             |       |     6 |    36 |    10 |    17 |    14 |    10 |       ||    93
 Cast: Sandblast         |       |       |       |       |     3 |       |     2 |       ||     5
       Summon Butterflie |       |       |       |       |       |     4 |     1 |       ||     5
       Lesser Beckoning  |       |       |       |       |       |     4 |    30 |       ||    34
       Song of Slaying   |       |       |       |       |       |       |     1 |       ||     1
Invok: Whirlwind         |       |       |       |   170 |   432 |   586 |   830 |    55 ||  2073
       Lunge             |       |       |       |    25 |    28 |    54 |    57 |     4 ||   168
       Serpent's Lash    |       |       |       |     2 |    18 |    19 |    23 |     2 ||    64
       Heavenly Storm    |       |       |       |       |     1 |       |     2 |       ||     3
 Abil: Wall Jump         |       |       |       |    76 |   201 |   197 |   256 |    28 ||   758
       Evoke Flight      |       |       |       |       |       |     1 |       |       ||     1
       Evoke Blink       |       |       |       |       |       |       |     1 |       ||     1
Evoke: Wand              |       |       |       |    14 |    10 |     9 |     4 |       ||    37
       Phial of floods   |       |       |       |       |       |     2 |     2 |       ||     4
       Box of beasts     |       |       |       |       |       |       |     1 |       ||     1
  Use: Scroll            |     2 |     4 |    10 |    10 |    12 |    16 |    12 |       ||    66
       Potion            |       |       |       |     6 |     2 |     2 |     1 |       ||    11
 Stab: Sleeping          |    10 |     9 |     3 |    14 |    13 |    12 |    25 |     3 ||    89
       Distracted        |       |     1 |     3 |     1 |     2 |     4 |     3 |       ||    14
       Confused          |       |       |       |       |       |       |     3 |       ||     3
  Eat: Chunk             |     2 |     8 |    11 |    17 |    35 |    27 |    26 |     2 ||   128
       Ration            |       |       |       |       |       |     1 |     4 |       ||     5
Armor: Robe              |    21 |    27 |       |    22 |     2 |       |       |       ||    72
       Leather armour    |       |    40 |   118 |     8 |    62 |       |       |       ||   228
       Ring mail         |       |       |       |    39 |   175 |   294 |   310 |    18 ||   836
Dodge: Dodged            |    72 |   172 |   225 |   199 |   480 |   638 |  1060 |    53 ||  2899
Block: Buckler           |       |       |       |    76 |   214 |   388 |   674 |    41 ||  1393
       Shield            |       |       |       |       |     9 |       |       |       ||     9
       Reflection        |       |       |       |       |       |    23 |    58 |       ||    81
       Rpst.: Falchion   |    23 |    57 |    55 |       |     1 |       |       |       ||   136
       Scimitar          |       |       |     7 |    51 |   142 |    95 |    16 |     1 ||   312
